 Dungeon Crawl Stone Soup version 0.22.1-1-ga44c0e5 (webtiles) character file.

45586 harcile the Carver (level 14, 0/127 HPs)
             Began as a Hill Orc Fighter on Oct 10, 2018.
             Was the Champion of the Shining One.
             Slain by an orc warrior
             ... wielding a +0 short sword
              (11 damage)
             ... on level 2 of the Orcish Mines on Oct 11, 2018.
             The game lasted 01:28:27 (18004 turns).

harcile the Carver (Hill Orc Fighter)              Turns: 18004, Time: 01:28:27

Health: 0/127      AC: 23    Str: 24    XL:     14   Next: 33%
Magic:  14/14      EV: 11    Int:  8    God:    the Shining One [******]
Gold:   1441       SH: 23    Dex: 12    Spells: 13/13 levels left

rFire    + . .     SeeInvis +   a - +4 long sword (slice)
rCold    . . .     Gourm    .   y - +3 large shield
rNeg     + + +     Faith    +   g - +7 scale mail of the Ladybird {rF+ Regen+ Slay+4}
rPois    .         Spirit   .   I - +1 helmet {SInv}
rElec    .         Reflect  .   A - +1 cloak
rCorr    .         Harm     .   c - +0 pair of gloves
MR       +....                  J - +0 pair of boots
Stlth    +.........             U - amulet of faith
HPRegen  0.71/turn              o - +2 ring of strength
MPRegen  0.14/turn              Y - ring of stealth

@: hasted, glowing, very quick
A: no striking features
a: Divine Shield, Cleansing Flame, Summon Divine Warrior, Brand Weapon With Holy
Wrath, Renounce Religion, Convert to Beogh


You were on level 2 of the Orcish Mines.
You worshipped the Shining One.
The Shining One was exalted by your worship.
You were not hungry.

You visited 4 branches of the dungeon, and saw 21 of its levels.
You also visited: Labyrinth.

You collected 1912 gold pieces.
You spent 471 gold pieces at shops.

Inventory:

Hand Weapons
 a - a +4 long sword of slicing (weapon)
 b - the +7 longbow "Piercer" {penet, EV-2}
   (You found it in a labyrinth)

   Ammo fired by it will pass through the targets it hits, potentially hitting
   all targets in its path until it reaches maximum range.
   It affects your evasion (-2).
 j - a +0 great sword of holy wrath
 w - a +0 scimitar of slicing
 G - a +7 dire flail of protection
 O - a +0 shortbow of velocity
Missiles
 Q - 191 arrows
Armour
 c - a +0 pair of gloves (worn)
 d - a +1 hat
 g - the +7 scale mail of the Ladybird (worn) {rF+ Regen+ Slay+4}
   (You found it on level 1 of the Lair of Beasts)

   It affects your accuracy and damage with ranged weapons and melee attacks
   (+4).
   It protects you from fire.
   It increases your rate of regeneration.
 u - a +0 pair of gloves
 v - the +0 chain mail of the Lizard {rC- MP+9 Int+2 Dex+7}
   (You found it on level 2 of the Lair of Beasts)

   It affects your intelligence (+2).
   It affects your dexterity (+7).
   It makes you vulnerable to cold.
   It affects your magic capacity (+9).
 x - a +1 helmet of intelligence
 y - a +3 large shield (worn)
 A - a +1 cloak (worn)
 H - a +2 chain mail of magic resistance
 I - a +1 helmet of see invisible (worn)
 J - a +0 pair of boots (worn)
 K - a +0 large shield
 S - a scarf of resistance
Jewellery
 i - an uncursed ring of ice
 o - a +2 ring of strength (left hand)
 C - an uncursed ring of protection from cold
 U - an amulet of faith (around neck)
 W - a +6 ring of intelligence
 X - an uncursed ring of flight
 Y - a ring of stealth (right hand)
Wands
 k - a wand of enslavement (12)
 N - a wand of acid (7)
 V - a wand of flame (60)
 Z - a wand of paralysis (14)
Scrolls
 l - 10 scrolls of teleportation
 m - a scroll of fog
 n - a scroll of magic mapping
 p - 2 scrolls of blinking
 r - 12 scrolls of identify
 E - 11 scrolls of remove curse
 R - a scroll of fear
Potions
 h - 2 potions of magic
 q - 2 potions of brilliance
 s - 10 potions of curing
 t - a potion of invisibility
 z - a potion of resistance {unknown}
 B - 2 potions of agility
 D - 2 potions of cancellation
 F - 4 potions of heal wounds
 M - 3 potions of flight
 P - a potion of might
Comestibles
 f - 36 rations
 T - 3 chunks of flesh


   Skills:
 * Level 12.8 Fighting
 + Level 14.7 Long Blades
 + Level 10.5 Armour
 + Level 5.3 Dodging
 + Level 1.1 Stealth
 + Level 14.5 Shields


You had 13 spell levels left.
You didn't know any spells.
Your spell library contained the following spells:

 Spells                   Type           Power        Failure   Level  Hunger
 Beastly Appendage        Tmut           #.....       98%         1    ##.....
 Confusing Touch          Hex            #.....       98%         1    ##.....
 Freeze                   Ice            #...         98%         1    ##.....
 Magic Dart               Conj           #...         98%         1    ##.....
 Blink                    Tloc           N/A          99%         2    ###....
 Call Imp                 Summ           #.......     99%         2    ###....
 Passwall                 Tmut/Erth      #.......     99%         2    ###....
 Poisonous Vapours        Pois/Air       #.....       99%         2    ###....
 Shroud of Golubria       Chrm/Tloc      #.........   99%         2    ###....
 Slow                     Hex            #.......     99%         2    ###....
 Sticks to Snakes         Tmut           #.......     99%         2    ###....
 Swiftness                Chrm/Air       #.......     99%         2    ###....
 Confuse                  Hex            #.......     100%        3    ####...
 Conjure Flame            Conj/Fire      #.......     100%        3    ####...
 Gell's Gravitas          Tloc           #.........   100%        3    ####...
 Mephitic Cloud           Conj/Pois/Air  #.......     100%        3    ####...
 Spider Form              Tmut/Pois      #.........   100%        3    ####...
 Force Lance              Conj/Tloc      #.......     100%        4    #####..
 Ice Form                 Ice/Tmut       #.......     100%        4    #####..
 Passage of Golubria      Tloc           N/A          100%        4    #####..
 Petrify                  Tmut/Erth      #.......     100%        4    #####..
 Sticky Flame             Conj/Fire      #.......     100%        4    #####..
 Summon Lightning Spire   Summ/Air       #.......     100%        4    #####..
 Throw Icicle             Conj/Ice       #.......     100%        4    #####..
 Blade Hands              Tmut           #.........   100%        5    ######.
 Bolt of Magma            Conj/Fire/Erth #.........   100%        5    ######.
 Iskenderun's Battlesphe  Conj/Chrm      #.......     100%        5    ######.
 Lee's Rapid Deconstruct  Erth           #.........   100%        5    ######.
 Metabolic Englaciation   Hex/Ice        #.........   100%        5    ######.
 Venom Bolt               Conj/Pois      #.........   100%        5    ######.
 Yara's Violent Unravell  Hex/Tmut       #.........   100%        5    ######.
 Conjure Ball Lightning   Conj/Air       #.........   100%        6    #######
 Darkness                 Hex            #.........   100%        6    #######
 Freezing Cloud           Conj/Ice/Air   #.........   100%        6    #######
 Invisibility             Hex            #.......     100%        6    #######
 Iron Shot                Conj/Erth      #.........   100%        6    #######
 Statue Form              Tmut/Erth      #........    100%        6    #######
 Orb of Destruction       Conj           #.........   100%        7    #######
 Ring of Flames           Chrm/Fire      #.........   100%        7    #######
 Spellforged Servitor     Conj/Summ      #.........   100%        7    #######


Dungeon Overview and Level Annotations

Branches:
Dungeon (12/15)            Temple (1/1) D:4            Lair (6/6) D:10
 Shoals (0/4) Lair:3        Snake (0/4) Lair:4          Orc (2/2) D:9
    Elf (0/3) Orc:2
  Slime: Lair:5-6

Altars:
Ashenzari
Cheibriados
Dithmenos
Elyvilon
Fedhas
Gozag
Hepliaklqana
Kikubaaqudgha
Makhleb
Nemelex Xobeh
Okawaru
Qazlal
Ru
Sif Muna
Trog
Uskayaw
Vehumet
Wu Jian
Xom
Yredelemnul
Zin
The Shining One
Beogh

Shops:
D:8 *   D:11 (   Orc:2 [(*[

Annotations:
Lair:3 exclusion: obsidian statue
Lair:6 Urug
Orc:2 Saint Roka


Message History

The orc wizard casts a spell at you. The magic dart hits you!
* * * LOW HITPOINT WARNING * * *
Saint Roka roars a battlecry!
The orcs go into a battle-frenzy!
You're too confused to move!
You feel less invigorated.
You feel less confused. You block the orc warrior's attack.
Saint Roka calls down the wrath of Beogh upon you.
Beogh smites you!
* * * LOW HITPOINT WARNING * * *
You block the orc warrior's attack.
Saint Roka invokes the aid of Beogh against you.
Beogh smites you!
* * * LOW HITPOINT WARNING * * *
You block the orc warrior's attack.
Okay, then.
You feel yourself speed up.
The orc warrior hits you with a short sword!
You die...

# #### # #.. .# # #
#.#####.# # #.##.)...#.# #
#.#.o# #.###### # #..))#
#.##.#.# #
##.oo.#####.##...## #
#..ooooo@)).#.....## ###
#...#######)#.......####.#
......
#.####).........#...
......
..#......#.......... ...#.
..........#..........
..###
..........##.......). ..
.........##..#.......
.........######..####
##.......###.....#.∩.


You could see Saint Roka, 2 orc warriors, an orc wizard and 3 orcs.

Vanquished Creatures
  The ghost of Holy the Brawler, a journeyman NaTm of Okawaru (Orc:1)
  An orc warlord (Orc:1)
  A minotaur (Lab)
  Snorg (Orc:1)
  Fannar (Lair:3)
  The ghost of appiemonkey the Blocker, a journeyman GrFi of Cheibriados (Orc:1)
  3 two-headed ogres
  Nergalle (Lair:3)
  The ghost of Torikoriko the Skirmisher, a novice OgGl of Zin (D:6)
  Pikel (D:7)
  3 cyclopes
  An oklob plant (Lair:2)
  3 ugly things
  A manticore (Lair:3)
  2 orc sorcerers (Orc:2)
  Maurice (Orc:1)
  Joseph (D:7)
  An elephant (Lair:5)
  A black mamba (Lair:4)
  4 spiny frogs
  A rime drake (Lair:3)
  3 komodo dragons
  A minotaur skeleton (Lab)
  2 queen bees
  6 trolls
  12 hippogriffs
  8 blink frogs
  Sigmund (D:2)
  A shadow (D:6)
  18 yaks
  A vampire (D:9)
  A wraith (D:11)
  3 hungry ghosts
  2 wyverns
  2 fire bats (Lair:6)
  3 basilisks
  Edmund (D:6)
  4 wargs
  Menkaure (D:4)
  6 water moccasins
  Duvessa (D:7)
  9 porcupines
  34 orc warriors
  7 ice beasts
  3 sky beasts
  A black bear (D:10)
  24 ogres
  A necrophage (D:6)
  7 phantoms
  8 wolves
  6 crocodiles
  12 centaurs
  2 big kobolds
  22 bullfrogs
  A gnoll sergeant (D:9)
  Dowan (D:7)
  A water moccasin zombie (D:10)
  3 troll zombies (D:9)
  2 scorpions (D:7)
  36 killer bees
  2 howler monkeys
  2 electric eels (Lair:3)
  2 crimson imps
  A centaur zombie (D:11)
  A quasit (D:7)
  2 bullfrog zombies
  2 bullfrog skeletons
  2 jellies (D:5)
  18 orc priests
  6 centaur skeletons
  12 hounds
  29 orc wizards
  4 iguanas
  9 worker ants
  5 ogre zombies (D:9)
  2 hound skeletons
  A howler monkey zombie (D:8)
  7 gnolls
  10 adders
  A shadow imp (D:6)
  An ooze (D:2)
  An adder zombie (D:8)
  2 adder skeletons
  4 worms
  A dart slug (D:1)
  8 leopard geckos
  106 orcs
  6 bats
  3 giant cockroaches
  5 hobgoblins (D:1)
  15 jackals
  17 kobolds
  3 quokkas
  3 frilled lizards
  10 goblins
  A goblin skeleton (D:9)
  3 goblin zombies (D:9)
  3 hobgoblin skeletons (D:9)
  2 hobgoblin zombies (D:9)
  A jackal skeleton (D:7)
  A jackal zombie (D:7)
  4 orc skeletons (D:9)
  11 orc zombies (D:9)
  A quokka skeleton (D:5)
  8 rats
  A plant (Lair:2)
627 creatures vanquished.

Vanquished Creatures (others)
  A two-headed ogre (D:12)
  A quokka (D:3)
  17 fungi
  9 plants
  2 withered plants (Orc:1)
30 creatures vanquished.

Grand Total: 657 creatures vanquished

Notes
Turn   | Place    | Note
-------+----------+-------------------------------------------
     0 | D:1      | harcile the Hill Orc Fighter began the quest for the Orb.
     0 | D:1      | Reached XP level 1. HP: 19/19 MP: 1/1
   278 | D:1      | Reached XP level 2. HP: 21/27 MP: 2/2
   525 | D:1      | Reached XP level 3. HP: 12/33 MP: 3/3
  1006 | D:2      | Reached XP level 4. HP: 24/41 MP: 4/4
  1296 | D:2      | Reached XP level 5. HP: 37/47 MP: 5/5
  1339 | D:2      | Noticed Sigmund
  1352 | D:2      | Killed Sigmund
  1352 | D:2      | Reached skill level 1 in Dodging
  1352 | D:2      | Reached XP level 6. HP: 40/53 MP: 6/6
  1853 | D:3      | Found a stormy altar of Qazlal.
  1980 | D:4      | Reached skill level 5 in Long Blades
  2076 | D:4      | Reached skill level 5 in Shields
  2076 | D:4      | Reached XP level 7. HP: 38/60 MP: 7/7
  2804 | D:4      | Found a staircase to the Ecumenical Temple.
  2811 | Temple   | Entered the Ecumenical Temple
  2954 | Temple   | Became a worshipper of the Shining One
  3234 | D:4      | Noticed Menkaure
  3244 | D:4      | Killed Menkaure
  3244 | D:4      | Reached skill level 5 in Fighting
  3409 | D:5      | Entered Level 5 of the Dungeon
  3535 | D:5      | Reached skill level 5 in Armour
  3535 | D:5      | Reached XP level 8. HP: 61/68 MP: 8/8
  4602 | D:6      | Reached XP level 9. HP: 64/74 MP: 9/9
  4640 | D:6      | Reached * piety under the Shining One
  4783 | D:6      | Found a transporter.
  4784 | D:6      | Noticed Torikoriko's ghost (novice OgGl)
  4791 | D:6      | Found a transporter.
  4884 | D:6      | Found a blossoming altar of Fedhas.
  4901 | D:6      | Noticed Edmund
  4938 | D:6      | Killed Edmund
  5115 | D:6      | Noticed a two-headed ogre
  5126 | D:6      | Killed a two-headed ogre
  5126 | D:6      | Reached skill level 10 in Long Blades
  5274 | D:6      | Killed Torikoriko's ghost
  5274 | D:6      | Reached XP level 10. HP: 15/86 MP: 10/10
  5276 | D:6      | Got a crystal dire flail {freeze}
  5347 | D:6      | Identified the +7 dire flail of Objectivity {freeze, *Noise
                  | *Corrode +Blink Int+5} (You took it off an ogre on level 6
                  | of the Dungeon)
  5418 | D:7      | Noticed Duvessa
  5420 | D:7      | Noticed Dowan
  5439 | D:7      | Killed Duvessa
  5443 | D:7      | Killed Dowan
  5898 | D:7      | Found a sacrificial altar of Ru.
  5901 | D:7      | Noticed Joseph
  5921 | D:7      | Killed Joseph
  5959 | D:7      | Noticed Pikel
  5976 | D:7      | Killed Pikel
  6019 | D:7      | Identified a scroll of acquirement
  6035 | D:8      | Found Cagasug's General Store.
  6051 | D:8      | Reached ** piety under the Shining One
  6105 | D:8      | Identified the Almanac of Frigorific Lightness
  6248 | D:8      | Found a shadowy altar of Dithmenos.
  6249 | D:8      | Found a hazy altar of Hepliaklqana.
  6249 | D:8      | Found an iron altar of Okawaru.
  6258 | D:8      | Found a bloodstained altar of Trog.
  6258 | D:8      | Found a burning altar of Makhleb.
  6259 | D:8      | Found an opulent altar of Gozag.
  6538 | D:8      | Found a shimmering altar of Xom.
  6924 | D:9      | Noticed a cyan ugly thing
  6939 | D:9      | Killed a cyan ugly thing
  6939 | D:9      | Reached XP level 11. HP: 76/94 MP: 11/11
  7147 | D:9      | Reached *** piety under the Shining One
  7170 | D:9      | Found a staircase to the Orcish Mines.
  7233 | D:9      | Reached **** piety under the Shining One
  7296 | D:9      | Found a shattered altar of Ashenzari.
  7485 | D:9      | Found a burning altar of Makhleb.
  7647 | D:10     | Entered Level 10 of the Dungeon
  7709 | D:10     | Got an ancient hunting sling
  7742 | D:10     | Reached ***** piety under the Shining One
  7782 | D:10     | Found a staircase to the Lair.
  8135 | D:10     | Reached skill level 10 in Shields
  8173 | D:10     | Identified the +7 hunting sling "Geequrgh Ohua" {venom,
                  | *Corrode rPois SInv Stlth+} (You found it on level 10 of
                  | the Dungeon)
  8401 | D:11     | Found Catir's Weapon Boutique.
  8602 | D:11     | Noticed a purple ugly thing
  8616 | D:11     | Killed a purple ugly thing
  8725 | D:11     | Reached XP level 12. HP: 103/103 MP: 12/12
  9080 | D:12     | Noticed a two-headed ogre
  9088 | D:12     | Killed a two-headed ogre
  9092 | D:12     | Noticed a two-headed ogre
  9108 | D:12     | Killed a two-headed ogre
  9123 | D:12     | Found a labyrinth entrance.
  9178 | Lab      | Entered a labyrinth
 10940 | Lab      | Noticed a minotaur
 10958 | Lab      | Killed a minotaur
 10960 | Lab      | Identified the Compendium of Changing and Augmentations
 10961 | Lab      | Found the +7 longbow "Piercer" {penet, EV-2}
 11338 | D:12     | Identified the Papyrus of Displaced Ignition
 11882 | Lair:1   | Entered Level 1 of the Lair of Beasts
 12033 | Lair:1   | Got a jewelled scale mail
 12308 | Lair:1   | Reached ****** piety under the Shining One
 12366 | Lair:1   | Identified the +7 scale mail of the Ladybird {rF+ Regen+
                  | Slay+4} (You found it on level 1 of the Lair of Beasts)
 12764 | Lair:2   | Reached skill level 10 in Fighting
 12851 | Lair:2   | Reached skill level 1 in Stealth
 12851 | Lair:2   | Reached XP level 13. HP: 113/113 MP: 13/13
 13209 | Lair:2   | Got an aquamarine-encrusted chain mail
 13217 | Lair:2   | Identified the +0 chain mail of the Lizard {rC- MP+9 Int+2
                  | Dex+7} (You found it on level 2 of the Lair of Beasts)
 13357 | Lair:2   | Reached skill level 10 in Armour
 13535 | Lair:3   | Noticed Fannar
 13550 | Lair:3   | Killed Fannar
 13566 | Lair:3   | Found a staircase to the Shoals.
 13824 | Lair:3   | Noticed Nergalle
 13841 | Lair:3   | Killed Nergalle
 14569 | Lair:4   | Found a staircase to the Snake Pit.
 15804 | Lair:6   | Entered Level 6 of the Lair of Beasts
 15815 | Lair:6   | Noticed Urug
 16037 | Orc:1    | Entered Level 1 of the Orcish Mines
 16038 | Orc:1    | Noticed Snorg
 16102 | Orc:1    | Killed Snorg
 16102 | Orc:1    | Reached skill level 5 in Dodging
 16413 | Orc:1    | Found a runed gate.
 16414 | Orc:1    | Found a runed gate.
 16415 | Orc:1    | Found a runed gate.
 16416 | Orc:1    | Noticed appiemonkey's ghost (journeyman GrFi)
 16416 | Orc:1    | Noticed Holy's ghost (journeyman NaTm)
 16442 | Orc:1    | Noticed Maurice
 16449 | Orc:1    | Killed Maurice
 16790 | Orc:1    | Killed Holy's ghost
 16790 | Orc:1    | Reached XP level 14. HP: 126/126 MP: 14/14
 16812 | Orc:1    | Killed appiemonkey's ghost
 16874 | Orc:2    | Entered Level 2 of the Orcish Mines
 16874 | Orc:2    | Found Cubiupt's Armour Shoppe.
 17082 | Orc:2    | Found a staircase to the Elven Halls.
 17196 | Orc:2    | Noticed an orc warlord
 17350 | Orc:1    | Killed an orc warlord
 17527 | Orc:2    | Found Deotoh's Antique Armour Boutique.
 17528 | Orc:2    | Found a roughly hewn altar of Beogh.
 17531 | Orc:2    | Found Rumeawosh's Antique Weapon Shop.
 17536 | Orc:2    | Bought a shiny helmet for 172 gold pieces
 17660 | Orc:2    | Found a roughly hewn altar of Beogh.
 17847 | Orc:2    | Found a roughly hewn altar of Beogh.
 17857 | Orc:2    | Found Uthedoaho's General Store.
 17873 | Orc:2    | Bought a +1 helmet of see invisible for 247 gold pieces
 17873 | Orc:2    | Bought a scroll of fear for 52 gold pieces
 17971 | Orc:2    | Noticed Saint Roka
 17993 | Orc:2    | HP: 1/127 [orc warrior/short sword (29)]
 18004 | Orc:2    | Slain by an orc warrior

Skill      XL: |  1  2  3  4  5  6  7  8  9 10 11 12 13 |
---------------+----------------------------------------+-----
Fighting       | 4 5 7 8 10 12 | 12.8
Shields        | 4 5 6 7 8 10 12 14 | 14.5
Long Blades    | 3 4 5 6 8 10 11 12 14 | 14.7
Armour         | 4 5 6 8 9 10 | 10.5
Dodging        | 1 2 3 4 5 |  5.3
Stealth        | 1 |  1.1

Action                   |  1- 3 |  4- 6 |  7- 9 | 10-12 | 13-15 || total
-------------------------+-------+-------+-------+-------+-------++-------
Melee: Long sword        |   152 |   152 |   361 |  1005 |   802 ||  2472
  Use: Potion            |       |       |     3 |     1 |     8 ||    12
       Scroll            |       |       |       |    25 |     8 ||    33
  Eat: Chunk             |       |     5 |     6 |    24 |    17 ||    52
       Ration            |       |       |     1 |     2 |       ||     3
Armor: Scale mail        |    39 |       |       |    13 |   213 ||   265
       Ring mail         |    22 |   108 |    85 |       |       ||   215
       Chain mail        |       |       |    17 |   430 |       ||   447
Dodge: Dodged            |    39 |    83 |   105 |   267 |   211 ||   705
Block: Shield            |    93 |   123 |   160 |   331 |       ||   707
       Large shield      |       |       |       |   419 |   920 ||  1339
       Rpst.: Long sword |    10 |    20 |    38 |    81 |    40 ||   189
